 Dungeon Crawl Stone Soup version 0.28-a0-535-g6f645e4c1d (webtiles) character file.

Game seed: 7771392794938064374

164 ytrimaz the Covered (level 5, 0/46 (47) HPs)
             Began as a Minotaur Fighter on Sept 27, 2021.
             Slain by Menkaure (16 damage)
             ... on level 4 of the Dungeon.
             The game lasted 00:03:56 (2173 turns).

ytrimaz the Covered (Minotaur Fighter)              Turns: 2173, Time: 00:03:57

HP:   0/46 (47)     AC: 13    Str: 21    XL:     5   Next: 21%
MP:   4/4           EV:  6    Int:  5    God:
Gold: 16            SH:  4    Dex: 10    Spells: 4/4 levels left

rFire   . . .      SeeInvis .   a - +1 war axe
rCold   . . .      Faith    .   c - +0 buckler
rNeg    . . .      Spirit   .   j - +1 plate armour
rPois   .          Reflect  .   (helmet restricted)
rElec   .          Harm     .   (no cloak)
rCorr   .          Rampage  .   (no gloves)
Will    .....                   (no boots)
Stlth   ..........              (no amulet)
HPRegen 0.15/turn               (no ring)
MPRegen 0.09/turn               (no ring)

@: mighty, lightly drained
A: horns 2, retaliatory headbutt
a: no special abilities


You were on level 4 of the Dungeon.
You visited 1 branch of the dungeon, and saw 4 of its levels.

You collected 96 gold pieces.
You spent 80 gold pieces at shops.

Inventory:

Hand Weapons
 a - a +1 war axe (weapon)
Armour
 c - a +0 buckler (worn)
 j - a +1 plate armour (worn)
Jewellery
 l - a ring of ice
Scrolls
 n - a scroll of identify
 o - a scroll of enchant armour
Potions
 b - a potion of resistance {unknown}
 e - 3 potions of lignification
 f - a potion of haste {unknown}
 h - a potion of magic {unknown}
 k - 2 potions of berserk rage
 m - 2 potions of degeneration {unknown}
 p - 2 potions of curing


   Skills:
 + Level 4.3 Fighting
 * Level 4.9 Axes
 * Level 5.0 Armour
 - Level 4.0 Shields


You had 4 spell levels left.
You didn't know any spells.
Your spell library contained the following spells:

 Spells                   Type           Power      Damage    Failure   Level
 Sting                    Tmut/Pois      0%         1d3       100%        1
 Summon Small Mammal      Summ           0%         N/A       100%        1
 Poisonous Vapours        Pois/Air       0%         N/A       100%        2
 Call Canine Familiar     Summ           0%         N/A       100%        3
 Summon Guardian Golem    Hex/Summ       0%         N/A       100%        3
 Olgreb's Toxic Radiance  Pois           0%         N/A       100%        4


Dungeon Overview and Level Annotations

Branches:
Dungeon (4/15)
 Temple: D:4-7

Altars:

Shops:
D:1 =   D:3 !

Annotations:
D:4 Menkaure


Innate Abilities, Weirdness & Mutations

You have a pair of horns on your head.
You reflexively headbutt those who attack you in melee.


Message History

You barely miss the adder. You headbutt the adder!
You kill the adder!
You barely miss the ball python. You hit the endoplasm.
The endoplasm hits you but does no damage.
The ball python bites you but does no damage.
The ball python constricts you.
Your Armour skill increases to level 5!
You barely miss the ball python.
The ball python is heavily wounded.
You barely miss the endoplasm. The endoplasm barely misses you.
You furiously retaliate!
You headbutt the endoplasm!
You kill the endoplasm!
The ball python bites you but does no damage.
The ball python constricts you.
You closely miss the ball python. You headbutt the ball python.
You kill the ball python!
There is a stone staircase leading up, spattered with blood here.
Unknown command.
Things that are here:
a +3 dagger of electrocution; a goblin corpse
Things that are here:
a +1 dagger of draining; a goblin corpse
There is a stone staircase leading up, spattered with blood here.
You start resting.
A hobgoblin comes into view.
A hobgoblin is nearby!
A hobgoblin is nearby!
The hobgoblin shouts!
Menkaure, Prince of Dust comes into view.
Found a stone staircase leading up.
Menkaure shouts!
You slice the hobgoblin!!
You kill the hobgoblin!
Menkaure casts a spell.
Menkaure seems to speed up.
Menkaure calls on the powers of darkness!
Your body is wracked with pain!
You see here a hobgoblin corpse.
Found 16 bolts.
Menkaure hits you!
You die...

......#
#....# #....#
#..).# #.)<.#
#....# #....+
##?..########
#...†@M.....(
#.....#.#####
#.........
#####.#####
... #.## #.#
#.#


You could see Menkaure (fast).

Vanquished Creatures
  A scorpion (D:4)
  2 adders
  An adder skeleton (D:2)
  2 worms
  3 dart slugs
  5 ball pythons
  9 endoplasms
  6 giant cockroaches
  6 goblins
  4 hobgoblins
  7 jackals
  2 quokkas
  7 bats
  2 frilled lizards (D:2)
  2 kobolds (D:2)
  2 rats
61 creatures vanquished.

Vanquished Creatures (others)
  A goblin (D:1)
1 creature vanquished.

Grand Total: 62 creatures vanquished

Notes
Turn   | Place    | Note
-------+----------+-------------------------------------------
     0 | D:1      | ytrimaz the Minotaur Fighter began the quest for the Orb.
     0 | D:1      | Reached XP level 1. HP: 19/19 MP: 0/0
   124 | D:1      | Reached XP level 2. HP: 27/27 MP: 1/1
   131 | D:1      | Reached skill level 4 in Armour
   280 | D:1      | Found Niwadom's Jewellery Shop.
   397 | D:1      | Reached XP level 3. HP: 33/33 MP: 2/2
   976 | D:2      | Reached XP level 4. HP: 40/40 MP: 3/3
  1774 | D:3      | Found Buvus's Distillery.
  1782 | D:3      | Bought a potion of berserk rage for 50 gold pieces
  1782 | D:3      | Bought a potion of curing for 30 gold pieces
  1800 | D:3      | Found a faded altar of an unknown god.
  2023 | D:4      | Noticed a scorpion
  2132 | D:4      | Killed a scorpion
  2133 | D:4      | Reached XP level 5. HP: 24/46 MP: 4/4
  2137 | D:4      | Reached skill level 5 in Armour
  2170 | D:4      | Noticed Menkaure
  2173 | D:4      | Slain by Menkaure

Illustrated notes

Levels and vault maps discovered:
D:1:      eino_arrival_cavern_a, layout_basic, serial_shops,
          nicolae_diamond_shop
D:2:      layout_rooms, corner_web_ring, minmay_crystal_room, nrook_campfire
D:3:      layout_basic, serial_shops, shop, ebering_ecumenical_altar_petrified,
          minmay_fractal_squares_5
D:4:      layout_basic, serial_bayou, serial_bayou_pond_c,
          serial_bayou_lagoon_a, serial_bayou_pond_a, serial_bayou_pond_b,
          corexii_hall_statues_t, grunt_tough_drop, uniq_menkaure, uniq_grinder

Skill      XL: |  1  2  3  4  5 |
---------------+----------------+-----
Armour         | 4 5 |  5.0
Fighting       | 4 |  4.3
Axes           | 3 4 |  4.9
Shields        | 4 |  4.0

Action                   |  1- 3 |  4- 6 || total
-------------------------+-------+-------++-------
Melee: War axe           |    81 |    35 ||   116
       Headbutt          |    15 |     6 ||    21
  Use: Scroll            |       |     7 ||     7
       Potion            |       |     1 ||     1
Armor: Scale mail        |    23 |       ||    23
       Plate armour      |    26 |    40 ||    66
Dodge: Dodged            |    35 |    14 ||    49
Block: Buckler           |    24 |     9 ||    33

Table legend: (Time is in decaauts)
 A = Elapsed time spent in this place.
 B = Non-inter-level travel time spent in this place.
 C = Inter-level travel time spent in this place.
 D = Time resting spent in this place.
 E = Time spent auto-exploring this place.
 F = Levels seen in this place.
 G = Mean time per level.
                   A        B        C        D        E       F      G
               +--------+--------+--------+--------+--------+-----+--------+
         Total |   2212 |   2140 |     72 |    354 |   1278 |   4 |  553.0 |
       Dungeon |   2212 |   2140 |     72 |    354 |   1278 |   4 |  553.0 |
               +--------+--------+--------+--------+--------+-----+--------+

Top non-repeatable levels by time:
     D:2: 841 daAuts
     D:3: 705 daAuts
     D:1: 615 daAuts
     D:4: 50 daAuts
